 Dungeon Crawl Stone Soup version 0.20.1-1-g8b1a95d (webtiles) character file.

450 slep the Slasher (level 6, -6/48 HPs)
             Began as a Demonspawn Fighter on Oct 27, 2017.
             Mangled by an ogre
             ... wielding a +0 giant club
              (21 damage)
             ... on level 4 of the Dungeon.
             The game lasted 00:10:32 (1995 turns).

slep the Slasher (Demonspawn Fighter)               Turns: 1995, Time: 00:10:33

Health: -6/48      AC: 14    Str: 19    XL:     6   Next: 74%
Magic:  15/15      EV:  7    Int:  9    God:
Gold:   100        SH:  9    Dex: 15    Spells: 5/5 levels left

rFire    . . .     SeeInvis .   a - +0 long sword
rCold    . . .     Gourm    .   c - +0 shield
rNeg     . . .     Faith    .   b - +0 scale mail
rPois    .         Spirit   .   (no helmet)
rElec    .         Reflect  .   (no cloak)
rCorr    .         Harm     .   p - +0 pair of gloves {Str+3}
MR       .....                  (no boots)
Stlth    ..........             (no amulet)
Regen    0.2/turn               g - ring of wizardry
MPRegen  0.2/turn               i - ring of magical power

@: lethally poisoned (-6 -> -7), sanguine armour
A: powered by pain 2, sanguine armour 1
a: no special abilities


You were on level 4 of the Dungeon.
You were not hungry.

You visited 1 branch of the dungeon, and saw 5 of its levels.

You collected 100 gold pieces.

Inventory:

Hand Weapons
 a - a +0 long sword (weapon)
 r - a +0 battleaxe
Missiles
 z - 5 tomahawks (quivered)
Armour
 b - a +0 scale mail (worn)
 c - a +0 shield (worn)
 p - a +0 pair of gloves of strength (worn)
 s - a +0 robe of the Archmagi
Jewellery
 g - a ring of wizardry (left hand)
 i - a ring of magical power (right hand)
Wands
 v - a wand of acid (7/15)
 x - a wand of random effects (32/48)
Scrolls
 e - 2 scrolls of identify {unknown}
 h - 2 scrolls of fear {unknown}
 j - a scroll of noise {unknown}
 k - a scroll of magic mapping {unknown}
 l - 3 scrolls of teleportation {unknown}
 n - a scroll of blinking {unknown}
 u - a scroll of amnesia {unknown}
 w - a scroll of enchant armour {unknown}
 y - a scroll of remove curse {unknown}
Potions
 d - a potion of might
 m - a potion of curing
 o - a potion of magic
 A - a potion of haste {unknown}
Books
 q - a book of Minor Magic

   Spells                             Type                      Level
   a - Magic Dart                     Conjuration                  1
   b - Blink                          Translocation                2
   c - Call Imp                       Summoning                    2
   d - Slow                           Hexes                        2
   e - Conjure Flame                  Conjuration/Fire             3
   f - Mephitic Cloud                 Conjuration/Poison/Air       3
 B - a book of Misfortune

   Spells                             Type                      Level
   a - Confusing Touch                Hexes                        1
   b - Confuse                        Hexes                        3
   c - Gell's Gravitas                Translocation                3
   d - Petrify                        Transmutation/Earth          4
   e - Metabolic Englaciation         Hexes/Ice                    5
   f - Yara's Violent Unravelling     Hexes/Transmutation          5
Comestibles
 f - 3 bread rations
 t - a chunk of flesh
 C - a royal jelly


   Skills:
 + Level 4.1 Fighting
 + Level 4.4 Long Blades
 + Level 3.8 Armour
 + Level 0.6 Dodging
 + Level 3.9 Shields


You had 5 spell levels left.
You didn't know any spells.

Dungeon Overview and Level Annotations

Branches:
Dungeon (5/15)
 Temple: D:4-7

Altars:


Innate Abilities, Weirdness & Mutations

You sometimes gain power by taking damage.
When seriously injured, your bleeding wounds create armour. (AC +6)


Message History

You completely miss the adder.
You feel sick. The adder bites you. You block the adder's attack.
You hit the adder.
The adder is moderately wounded.
The adder barely misses you.
You barely miss the adder.
The adder is moderately wounded.
You block the adder's attack. The ogre hits you but does no damage.
You block the adder's attack.
You feel sick. The adder closely misses you.
The adder bites you but does no damage.
You feel sick. The adder bites you but does no damage.
You closely miss the adder.
The adder is moderately wounded.
You block the adder's attack.
You hit the adder.
The adder is heavily wounded.
You block the adder's attack. The ogre hits you with a giant club!!
You die...

...........##.........#.
.............##.........##
.................##.........##
.................##...........
!.............................
..............................
..............................
............O.................
............S@................
.......†....####..............
............# #..............
......(.....# #..............
............# #...........###
............# #...........#
............# #...........#
............# #############
#############


You could see an ogre and an adder.

Vanquished Creatures
  The ghost of slep the Skirmisher, an amateur DsAK of Lugonu (D:4)
  A centaur (D:5)
  An orc wizard (D:5)
  A worker ant (D:4)
  3 gnolls (D:2)
  2 adders
  An adder skeleton (D:4)
  A worm (D:2)
  3 dart slugs
  A leopard gecko (D:1)
  5 orcs
  6 giant cockroaches
  9 goblins
  6 hobgoblins
  2 jackals (D:2)
  4 kobolds
  A quokka (D:2)
  2 ball pythons (D:1)
  3 bats
  3 frilled lizards
  7 rats
63 creatures vanquished.

Notes
Turn   | Place    | Note
-------+----------+-------------------------------------------
     0 | D:1      | slep the Demonspawn Fighter began the quest for the Orb.
     0 | D:1      | Reached XP level 1. HP: 18/18 MP: 1/1
   155 | D:1      | Gained mutation: When seriously injured, your bleeding wounds create armour. (AC +6) [demonic ancestry]
   155 | D:1      | Reached XP level 2. HP: 23/24 MP: 2/2
   324 | D:1      | Gained mutation: You sometimes gain a little power by taking damage. [demonic ancestry]
   324 | D:1      | Reached XP level 3. HP: 26/29 MP: 3/3
   589 | D:2      | Gained mutation: You sometimes gain power by taking damage. [demonic ancestry]
   589 | D:2      | Reached XP level 4. HP: 26/35 MP: 4/4
  1656 | D:4      | Noticed slep's ghost (amateur DsAK)
  1688 | D:4      | Killed slep's ghost
  1688 | D:4      | Reached XP level 5. HP: 11/42 MP: 5/5
  1688 | D:4      | Reached XP level 6. HP: 13/48 MP: 6/6
  1710 | D:5      | Entered Level 5 of the Dungeon
  1995 | D:4      | Mangled by an ogre

Skill      XL: |  1  2  3  4 |
---------------+-------------+-----
Long Blades    | 2 4 |  4.4
Shields        | 3 |  3.9
Armour         | 3 |  3.8
Fighting       | 4 |  4.1
Dodging        | |  0.6

Action                   |  1- 3 |  4- 6 || total
-------------------------+-------+-------++-------
Melee: Long sword        |    93 |   118 ||   211
Throw: Tomahawk          |       |     5 ||     5
  Use: Potion            |       |     3 ||     3
  Eat: Chunk             |       |     4 ||     4
Armor: Scale mail        |    40 |    53 ||    93
Dodge: Dodged            |    19 |    25 ||    44
Block: Shield            |    41 |    71 ||   112
       Rpst.: Long sword |     7 |    12 ||    19
